[ AOE2 MATCH · #494791243 ]
UnrankedSpanish vs Poles
Player's team · WIN
Rival team · LOSS
[ REPLAY ANALYSIS · EXTRACTED FROM THE RECORDED GAME ]
Feudal
11:11
Castle
15:06
Imperial
—
| APM avg | 53.1 |
| APM peak | 110 |
| eAPM avg | 15.3 |
| Villagers / military | 34 / 3 |
Focus
⚔️ 40.6% · 🌾 59.4%
Conquistador ×3
Feudal
10:39
Castle
—
Imperial
—
| APM avg | 36.0 |
| APM peak | 54 |
| eAPM avg | 16.6 |
| Villagers / military | 38 / 0 |
Focus
⚔️ 32.6% · 🌾 67.4%
Match map
Initial resources + every placement click. Lines = walls · curves = elevation contours. ◆ gold · ⬟ stone · ● berries · ✦ relic · ◌ wall gap
Your base· Open — unwalled flank
SweetLou 11's base· Open — unwalled flank
Smoothed initial terrain · ◌ = detected wall gap · hover for details
Inputs per minute
— Crowley - - SweetLou 11
Build order — Crowley
68 actions detected in the replay
| 0:00 | Create | Villager (Male) |
| 0:00 | Create | Villager (Male) |
| 0:01 | Create | Villager (Male) |
| 0:01 | Create | Villager (Male) |
| 0:02 | Build | House |
| 0:05 | Research | Loom |
| 0:08 | Build | House |
| 0:09 | Create | Villager (Male) |
| 0:09 | Create | Villager (Male) |
| 0:16 | Create | Villager (Male) |
| 0:16 | Create | Villager (Male) |
| 1:34 | Create | Villager (Male) |
| 1:34 | Create | Villager (Male) |
| 2:29 | Create | Villager (Male) |
| 2:36 | Create | Villager (Male) |
| 2:54 | Create | Villager (Male) |
| 2:54 | Create | Villager (Male) |
| 3:07 | Build | Lumber Camp |
| 3:35 | Create | Villager (Male) |
| 3:35 | Create | Villager (Male) |
| 3:45 | Build | House |
| 3:47 | Build | House |
| 4:08 | Create | Villager (Male) |
| 4:16 | Create | Villager (Male) |
| 4:59 | Create | Villager (Male) |
| 5:21 | Create | Villager (Male) |
| 5:52 | Build | Mill |
| 5:57 | Create | Villager (Male) |
| 6:18 | Create | Villager (Male) |
| 6:20 | Create | Villager (Male) |
| 6:54 | Build | Mining Camp |
| 7:01 | Create | Villager (Male) |
| 7:33 | Build | Farm |
| 7:39 | Build | Farm |
| 7:39 | Create | Villager (Male) |
| 8:10 | Build | Farm |
| 8:13 | Create | Villager (Male) |
| 9:01 | Research | Feudal Age |
| 9:07 | Build | Palisade Wall |
| 9:10 | Build | Palisade Wall |
| 9:11 | Build | Palisade Wall |
| 9:15 | Build | Palisade Wall |
| 11:11 | Age | Feudal Age |
| 11:27 | Build | Watch Tower |
| 11:35 | Build | Watch Tower |
| 11:37 | Create | Villager (Male) |
| 11:40 | Build | Market |
| 11:43 | Build | Blacksmith |
| 12:19 | Build | Palisade Wall |
| 12:26 | Research | Castle Age |
| 13:08 | Build | Palisade Wall |
| 13:16 | Build | Palisade Wall |
| 13:44 | Build | Mining Camp |
| 15:02 | Build | House |
| 15:06 | Age | Castle Age |
| 15:14 | Create | Villager (Male) |
| 15:39 | Research | Fletching |
| 15:49 | Build | Castle |
| 16:01 | Create | Villager (Male) |
| 17:02 | Create | Conquistador |
| 17:02 | Create | Conquistador |
| 17:02 | Create | Conquistador |
| 17:04 | Create | Villager (Male) |
| 17:20 | Create | Villager (Male) |
| 17:46 | Create | Villager (Male) |
| 17:51 | Create | Villager (Male) |
| 18:06 | Build | Lumber Camp |
| 18:06 | Create | Villager (Male) |
Build order — SweetLou 11
64 actions detected in the replay
| 0:01 | Create | Villager (Male) |
| 0:02 | Create | Villager (Male) |
| 0:02 | Create | Villager (Male) |
| 0:03 | Build | House |
| 0:09 | Research | Loom |
| 0:22 | Create | Villager (Male) |
| 0:24 | Build | House |
| 0:53 | Create | Villager (Male) ×3 |
| 0:59 | Build | House |
| 1:47 | Create | Villager (Male) |
| 2:33 | Create | Villager (Male) |
| 2:41 | Create | Villager (Male) |
| 3:11 | Build | Lumber Camp |
| 3:12 | Create | Villager (Male) |
| 3:45 | Create | Villager (Male) |
| 4:13 | Create | Villager (Male) |
| 4:54 | Create | Villager (Male) |
| 5:18 | Create | Villager (Male) |
| 5:19 | Create | Villager (Male) |
| 6:00 | Build | House |
| 6:03 | Create | Villager (Male) |
| 6:18 | Build | Mill |
| 6:35 | Create | Villager (Male) |
| 7:00 | Create | Villager (Male) |
| 7:26 | Create | Villager (Male) |
| 7:59 | Create | Villager (Male) |
| 8:29 | Research | Feudal Age |
| 8:37 | Build | Mining Camp |
| 10:05 | Build | House |
| 10:21 | Create | Villager (Male) |
| 10:39 | Age | Feudal Age |
| 10:42 | Build | Watch Tower |
| 10:46 | Build | Blacksmith |
| 11:05 | Create | Villager (Male) |
| 11:19 | Build | Watch Tower |
| 11:26 | Research | Fletching |
| 11:33 | Create | Villager (Male) |
| 11:57 | Create | Villager (Male) |
| 12:33 | Build | Watch Tower |
| 12:46 | Create | Villager (Male) |
| 13:06 | Create | Villager (Male) |
| 13:08 | Research | Stone Mining |
| 13:25 | Build | Watch Tower |
| 13:30 | Create | Villager (Male) |
| 13:46 | Build | Mill |
| 14:18 | Build | Watch Tower |
| 14:22 | Create | Villager (Male) |
| 15:04 | Create | Villager (Male) |
| 15:05 | Create | Villager (Male) |
| 15:15 | Build | Watch Tower |
| 15:34 | Create | Villager (Male) |
| 15:50 | Build | Mining Camp |
| 16:34 | Create | Villager (Male) |
| 16:52 | Build | Watch Tower |
| 17:03 | Create | Villager (Male) |
| 17:08 | Research | Double-Bit Axe |
| 17:15 | Create | Villager (Male) |
| 17:38 | Build | Watch Tower |
| 17:50 | Build | Farm |
| 17:53 | Create | Villager (Male) |
| 17:59 | Build | House |
| 18:18 | Build | Watch Tower |
| 18:23 | Create | Villager (Male) |
| 18:28 | Create | Villager (Male) |
Match timeline
| 9:07 | Crowley · wall_segment Palisade Wall x3 |
| 9:10 | Crowley · wall_segment Palisade Wall x4 |
| 9:11 | Crowley · wall_segment Palisade Wall x1 |
| 9:15 | Crowley · wall_segment Palisade Wall x3 |
| 10:39 | SweetLou 11 · age_up feudal |
| 11:11 | Crowley · age_up feudal |
| 12:19 | Crowley · wall_segment Palisade Wall x1 |
| 12:25 | Crowley · first_market_sell 100 stone |
| 13:08 | Crowley · wall_segment Palisade Wall x1 |
| 13:16 | Crowley · wall_segment Palisade Wall x1 |
| 15:06 | Crowley · age_up castle |
| 15:49 | Crowley · first_building Castle |
| 17:58 | Crowley · first_market_buy 100 wood |
| 18:46 | SweetLou 11 · resign |
[ AI ANALYSIS · 1 CREDIT ]
What really happened in this match?
Wolo.gg analyzes every decision: build order, eco, micro, common mistakes by bracket. Personalized analysis on WhatsApp or Discord in 30 seconds.
Civ guide
Spanish
Perfil
Crowley